Nordiques vs Avalanche
Created - December 1, 2019 at 08:06
Goals
|
| Nordiques |
0 |
1 |
3 |
4 |
| Avalanche |
0 |
2 |
0 |
2 |
|
Shots
|
| Nordiques |
4 |
15 |
12 |
31 |
| Avalanche |
8 |
15 |
7 |
30 |
|
1st period
No Goal
Penalties :
Paul Gaustad (Que) for Tripping (Minor) at 1:53, Mattias Ekholm (Col) for Interference (Minor) at 9:15, Patric Hornqvist (Col) for Holding (Minor) at 13:31, Mike Brown (Que) for Interference (Minor) at 19:54
2nd period
1. Nordiques , Mike Brown 8 (Mike Fisher 5, Zac Rinaldo 4) at 2:25
2. Avalanche , Patric Hornqvist 12 (Bryan Little 17, Mikkel Boedker 15) at 10:51 (PP)
3. Avalanche , Bryan Little 10 (Jack Johnson 10, Mikkel Boedker 16) at 18:11
Penalties :
Dmitry Kulikov (Col) for Roughing (Minor) at 6:43, Evander Kane (Que) for Cross-checking (Minor) at 10:26, Mattias Ekholm (Col) for Interference (Minor) at 13:15
3rd period
4. Nordiques , Ryan Ellis 4 (David Legwand 8, Evander Kane 11) at 0:12
5. Nordiques , Jiri Hudler 5 (Maxim Talbot 12, Fedor Tyutin 3) at 6:28
6. Nordiques , Vladimir Tarasenko 6 (Evander Kane 12, Ryan Ellis 21) at 19:40 (Empty Net)
Penalties :
Alexander Radulov (Col) for Hooking (Minor) at 1:11, Mattias Ekholm (Col) for Roughing (Double Minor) at 9:15
Goalie Stats
Jonathan Quick (Que), 28 saves from 30 shots - (0.933), W, 4-4-1, 60:00 minutes
Semyon Varlamov (Col), 27 saves from 30 shots - (0.900), L, 10-4-1, 59:28 minutes
Players Stats for Nordiques
Player Name G A P +/- PIM S H SB GA TA FO MP PP MP PK MP
------------------------------------------------------------------------------------
Adam Pineault 0 0 0 0 0 0 0 0 0 0 0/0 7:57 0:54 0:00
Cody McLeod 0 0 0 0 0 0 0 0 0 0 0/0 3:44 0:47 0:42
David Legwand 0 1 1 2 0 2 0 1 0 0 16/32 23:13 7:19 1:29
Dustin Byfuglien 0 0 0 1 0 0 0 0 0 1 0/0 11:23 0:46 0:00
Evander Kane 0 2 2 2 2 9 2 1 2 2 0/0 22:23 7:21 1:09
Fedor Tyutin 0 1 1 1 0 0 1 0 0 0 0/0 21:32 5:43 1:35
Jay Bouwmeester 0 0 0 1 0 2 2 0 0 1 0/0 26:58 7:40 2:48
Jiri Hudler 1 0 1 0 0 1 0 1 1 0 0/0 16:00 5:41 0:00
Maxim Talbot 0 1 1 0 0 4 1 0 0 2 10/19 16:25 5:41 0:32
Mike Brown 1 0 1 1 2 2 3 0 0 0 1/1 12:44 0:36 0:00
Mike Fisher 0 1 1 1 0 0 0 0 1 0 1/5 12:52 0:23 0:45
Paul Gaustad 0 0 0 0 2 0 0 0 0 0 3/5 7:20 0:00 1:37
R.J. Umberger 0 0 0 0 0 3 2 0 1 0 0/0 18:14 5:41 2:32
Ryan Ellis 1 1 2 1 0 3 7 3 0 0 0/0 27:57 7:40 2:48
T.J. Fast 0 0 0 1 0 1 0 2 0 0 0/0 11:28 0:31 0:00
Trevor Daley 0 0 0 1 0 1 1 1 1 1 0/0 20:42 5:28 1:35
Vladimir Tarasenko 1 0 1 2 0 3 2 1 0 0 2/2 23:50 7:19 0:00
Zac Rinaldo 0 1 1 1 0 0 0 0 0 1 0/1 10:52 0:00 0:00
Players Stats for Avalanche
Player Name G A P +/- PIM S H SB GA TA FO MP PP MP PK MP
------------------------------------------------------------------------------------
Alexander Radulov 0 0 0 0 2 4 0 0 1 0 0/0 15:03 1:42 0:12
Andrei Kostitsyn 0 0 0 0 0 4 3 0 1 0 2/5 16:44 1:42 2:11
Andrew Ladd 0 0 0 -1 0 1 1 0 0 0 0/3 14:45 0:00 7:26
Bryan Little 1 1 2 -1 0 6 2 0 2 0 13/23 16:58 2:41 0:00
Charlie Coyle 0 0 0 -1 0 0 1 0 0 1 4/10 14:56 0:00 7:37
Damien Brunner 0 0 0 -1 0 1 3 0 0 0 0/1 9:51 0:00 2:37
Danny Richmond 0 0 0 -1 0 0 0 0 0 1 0/0 18:59 1:22 5:54
Darren Reid 0 0 0 -1 0 0 1 0 0 0 0/0 10:44 0:00 3:42
Dmitry Kulikov 0 0 0 -2 2 2 1 3 0 0 0/0 22:00 1:22 6:42
Erik Karlsson 0 0 0 -1 0 1 1 1 1 1 0/0 21:32 3:01 0:58
Jack Johnson 0 1 1 -1 0 2 0 2 2 0 0/0 25:50 3:01 5:19
Kyle Turris 0 0 0 -1 0 0 4 0 0 0 1/3 11:02 0:00 4:00
Marc Staal 0 0 0 -1 0 0 2 1 1 2 0/0 19:51 0:00 7:46
Matt Moulson 0 0 0 -1 0 1 0 0 0 0 0/0 7:18 0:00 0:15
Mattias Ekholm 0 0 0 0 8 0 0 0 0 0 0/0 11:41 0:00 0:57
Mikkel Boedker 0 2 2 -1 0 2 2 1 0 1 0/2 16:58 2:41 0:00
Patric Hornqvist 1 0 1 -1 2 2 1 0 0 0 0/1 17:01 2:41 0:00
Paul Stastny 0 0 0 0 0 4 1 0 0 0 12/17 14:47 1:42 0:00
3 Stars
1 - Ryan Ellis (Que)
2 - Vladimir Tarasenko (Que)
3 - Evander Kane (Que)
Power Play
Nordiques - 0 on 7 Attempt(s) - 0.00%
Avalanche - 1 on 3 Attempt(s) - 33.33%
Penalty Kill
Nordiques - 2 on 3 Attempt(s) - 66.67%
- Score 0 goal in Penalty Kill
Avalanche - 7 on 7 Attempt(s) - 100.00%
- Score 0 goal in Penalty Kill
Team Stat
Nordiques - Hits : 21 - Faceoff Wins : 33 - Blocked Shots : 10 - Penalty Minutes : 6
Avalanche - Hits : 23 - Faceoff Wins : 32 - Blocked Shots : 8 - Penalty Minutes : 14
Official
Referees : Unknown
Linesman : Unknown
Game Notes
Vladimir Tarasenko has scored in a empty net!
Finance
Level 1 -- Attendance: 5908 (98.47%) -- Ticket Income $525,812
Level 2 -- Attendance: 4711 (94.22%) -- Ticket Income $259,105
Level 3 -- Attendance: 1925 (96.25%) -- Ticket Income $63,525
Level 4 -- Attendance: 3962 (99.05%) -- Ticket Income $91,126
Luxury Box -- Attendance: 1000 (100.00%) -- Ticket Income $172,000
Game was played at the Pepsi Center.
Total Attendance: 17506 (97.26%)
Total Ticket Income: $1,111,568
Other Income: $166,735
Total Income: $1,278,303
Nordiques
5 vs 5 Forward
Center Left Wing Right Wing Time % Phy DF OF
1 David Legwand Evander Kane Vladimir Tarasenko 40 1 2 2
2 Maxim Talbot R.J. Umberger Jiri Hudler 30 1 2 2
3 Mike Fisher Zac Rinaldo Mike Brown 20 1 2 2
4 Paul Gaustad Vladimir Tarasenko Adam Pineault 10 1 2 2
5 vs 5 Defense
Defense Defense Time % Phy DF OF
1 Ryan Ellis Jay Bouwmeester 40 1 2 2
2 Fedor Tyutin Trevor Daley 30 1 2 2
3 T.J. Fast Dustin Byfuglien 20 1 2 2
4 Fedor Tyutin Ryan Ellis 10 1 2 2
PowerPlay Forward
Center Left Wing Right Wing Time % Phy DF OF
1 David Legwand Evander Kane Vladimir Tarasenko 60 1 2 2
2 Maxim Talbot R.J. Umberger Jiri Hudler 40 1 2 2
PowerPlay Defense
Defense Defense Time % Phy DF OF
1 Ryan Ellis Jay Bouwmeester 60 1 2 2
2 Fedor Tyutin Trevor Daley 40 1 2 2
Penalty Kill 4 Players Forward
Center Wing Time % Phy DF OF
1 Paul Gaustad R.J. Umberger 60 1 2 2
2 David Legwand Evander Kane 40 1 2 2
Penalty Kill 4 Players Defense
Defense Defense Time % Phy DF OF
1 Ryan Ellis Jay Bouwmeester 60 1 2 2
2 Fedor Tyutin Trevor Daley 40 1 2 2
Penalty Kill - 3 Players Forward
Forward Time % Phy DF OF
1 Paul Gaustad 60 1 2 2
2 Evander Kane 40 1 2 2
Penalty Kill - 3 Players Defense
Defense Defense Time % Phy DF OF
1 Ryan Ellis Jay Bouwmeester 60 1 2 2
2 Fedor Tyutin Trevor Daley 40 1 2 2
4 vs 4 Forward
Center Wing Time % Phy DF OF
1 Vladimir Tarasenko Evander Kane 60 1 2 2
2 David Legwand R.J. Umberger 40 1 2 2
4 vs 4 Defense
Defense Defense Time % Phy DF OF
1 Ryan Ellis Jay Bouwmeester 60 1 2 2
2 Fedor Tyutin Trevor Daley 40 1 2 2
Last Minutes Offensive
Center Left Wing Right Wing Defense Defense
David Legwand Evander Kane Vladimir Tarasenko Ryan Ellis Jay Bouwmeester
Last Minutes Defensive
Center Left Wing Right Wing Defense Defense
David Legwand Evander Kane Vladimir Tarasenko Ryan Ellis Jay Bouwmeester
Goaltenders
Starting : Jonathan Quick
Backup : Julien Ellis
Extra Forwards
Normal : Mike Brown, Adam Pineault, Mike Fisher - PP : Mike Brown, Adam Pineault - PK : Mike Fisher
Extra Defensemen
Normal : Jay Bouwmeester, Dustin Byfuglien, Ryan Ellis - PP : T.J. Fast - PK : Dustin Byfuglien, Ryan Ellis
Penalty Shots
Vladimir Tarasenko, Evander Kane, David Legwand, R.J. Umberger, Maxim Talbot
Scratches
Matt Gilroy (Healthy), James Sheppard (Healthy)
Avalanche
5 vs 5 Forward
Center Left Wing Right Wing Time % Phy DF OF
1 Bryan Little Mikkel Boedker Patric Hornqvist 35 1 2 2
2 Paul Stastny Andrei Kostitsyn Alexander Radulov 35 1 2 2
3 Charlie Coyle Andrew Ladd Damien Brunner 20 1 2 2
4 Kyle Turris Matt Moulson Darren Reid 10 1 2 2
5 vs 5 Defense
Defense Defense Time % Phy DF OF
1 Jack Johnson Erik Karlsson 40 1 2 2
2 Marc Staal Dmitry Kulikov 35 1 2 2
3 Mattias Ekholm Danny Richmond 25 1 2 2
4 Jack Johnson Marc Staal 0 1 2 2
PowerPlay Forward
Center Left Wing Right Wing Time % Phy DF OF
1 Bryan Little Mikkel Boedker Patric Hornqvist 60 1 2 2
2 Paul Stastny Andrei Kostitsyn Alexander Radulov 40 1 2 2
PowerPlay Defense
Defense Defense Time % Phy DF OF
1 Jack Johnson Erik Karlsson 60 1 2 2
2 Danny Richmond Dmitry Kulikov 40 1 2 2
Penalty Kill 4 Players Forward
Center Wing Time % Phy DF OF
1 Charlie Coyle Andrew Ladd 60 1 2 2
2 Kyle Turris Darren Reid 40 1 2 2
Penalty Kill 4 Players Defense
Defense Defense Time % Phy DF OF
1 Dmitry Kulikov Marc Staal 60 1 2 2
2 Danny Richmond Jack Johnson 40 1 2 2
Penalty Kill - 3 Players Forward
Forward Time % Phy DF OF
1 Mikkel Boedker 60 1 2 2
2 Patric Hornqvist 40 1 2 2
Penalty Kill - 3 Players Defense
Defense Defense Time % Phy DF OF
1 Jack Johnson Marc Staal 60 1 2 2
2 Erik Karlsson Danny Richmond 40 1 2 2
4 vs 4 Forward
Center Wing Time % Phy DF OF
1 Mikkel Boedker Patric Hornqvist 60 1 2 2
2 Bryan Little Paul Stastny 40 1 2 2
4 vs 4 Defense
Defense Defense Time % Phy DF OF
1 Danny Richmond Marc Staal 60 1 2 2
2 Erik Karlsson Jack Johnson 40 1 2 2
Last Minutes Offensive
Center Left Wing Right Wing Defense Defense
Bryan Little Mikkel Boedker Patric Hornqvist Jack Johnson Erik Karlsson
Last Minutes Defensive
Center Left Wing Right Wing Defense Defense
Charlie Coyle Andrew Ladd Patric Hornqvist Jack Johnson Marc Staal
Goaltenders
Starting : Semyon Varlamov
Backup : Mike Brodeur
Extra Forwards
Normal : Andrew Ladd, Matt Moulson, Damien Brunner - PP : Andrew Ladd, Matt Moulson - PK : Damien Brunner
Extra Defensemen
Normal : Dmitry Kulikov, Mattias Ekholm, Erik Karlsson - PP : Dmitry Kulikov - PK : Mattias Ekholm, Erik Karlsson
Penalty Shots
Mikkel Boedker, Patric Hornqvist, Bryan Little, Paul Stastny, Andrei Kostitsyn
Scratches
None
% Time on Ice - Nordiques
Lines # - Real PCT - Wanted PCT - Time Play
Normal Forward
1 - 31% - 40% - 12:28
2 - 30% - 30% - 12:21
3 - 27% - 20% - 10:52
4 - 13% - 10% - 5:06
Normal Defense
1 - 38% - 40% - 15:29
2 - 33% - 30% - 13:18
3 - 26% - 20% - 10:40
4 - 3% - 10% - 1:20
PP Forward
1 - 59% - 60% - 8:13
2 - 41% - 40% - 5:41
PP Defense
1 - 61% - 60% - 8:26
2 - 39% - 40% - 5:28
PK Forward
1 - 74% - 60% - 3:14
2 - 26% - 40% - 1:09
PK Defense
1 - 64% - 60% - 2:48
2 - 36% - 40% - 1:35
PK3 Forward
1 - 0% - 60%
2 - 0% - 40%
PK3 Defense
1 - 0% - 60%
2 - 0% - 40%
44 Forward
1 - 0% - 60%
2 - 0% - 40%
44 Defense
1 - 0% - 60%
2 - 0% - 40%
Last Minute Offensive - 0:00
Last Minute Defensive - 0:56
Total
Forward - 60:00
Defense - 60:00
|
% Time on Ice - Avalanche
Lines # - Real PCT - Wanted PCT - Time Play
Normal Forward
1 - 33% - 35% - 13:45
2 - 32% - 35% - 13:18
3 - 18% - 20% - 7:14
4 - 17% - 10% - 6:49
Normal Defense
1 - 42% - 40% - 17:05
2 - 36% - 35% - 14:38
3 - 23% - 25% - 9:23
4 - 0% - 0% - 0:00
PP Forward
1 - 61% - 60% - 2:41
2 - 39% - 40% - 1:42
PP Defense
1 - 69% - 60% - 3:01
2 - 31% - 40% - 1:22
PK Forward
1 - 73% - 60% - 10:12
2 - 27% - 40% - 3:42
PK Defense
1 - 62% - 60% - 8:35
2 - 38% - 40% - 5:19
PK3 Forward
1 - 0% - 60%
2 - 0% - 40%
PK3 Defense
1 - 0% - 60%
2 - 0% - 40%
44 Forward
1 - 0% - 60%
2 - 0% - 40%
44 Defense
1 - 0% - 60%
2 - 0% - 40%
Last Minute Offensive - 0:37
Last Minute Defensive - 0:00
Total
Forward - 60:00
Defense - 60:00
|
Play-by-Play
1st period
0:01 of 1st period - Bryan Little wins face-off versus David Legwand in neutral zone.
0:04 of 1st period - Slapshot by Erik Karlsson.
0:04 of 1st period - Shot Misses the Net.
0:06 of 1st period - Snap shot by Bryan Little.
0:06 of 1st period - Stopped by Jonathan Quick without a rebound.
0:07 of 1st period - Bryan Little wins face-off versus David Legwand in Nordiques zone.
0:16 of 1st period - Wrist shot by Mikkel Boedker.
0:16 of 1st period - Shot Misses the Net.
0:26 of 1st period - Snap shot by Bryan Little.
0:26 of 1st period - Stopped by Jonathan Quick with a rebound.
0:45 of 1st period - Wrist shot by Bryan Little.
0:45 of 1st period - Shot Misses the Net.
0:47 of 1st period - Wrist shot by Patric Hornqvist.
0:47 of 1st period - Shot Misses the Net.
0:49 of 1st period - Snap shot by Jack Johnson.
0:49 of 1st period - Stopped by Jonathan Quick without a rebound.
0:50 of 1st period - Paul Stastny wins face-off versus Maxim Talbot in Nordiques zone.
1:53 of 1st period - Minor Penalty to Paul Gaustad for Tripping.
1:54 of 1st period - Bryan Little wins face-off versus Mike Fisher in Nordiques zone.
2:07 of 1st period - Snap shot by Mikkel Boedker.
2:07 of 1st period - Shot Blocked by Ryan Ellis.
3:24 of 1st period - Slapshot by Maxim Talbot.
3:24 of 1st period - Stopped by Semyon Varlamov without a rebound.
3:25 of 1st period - Maxim Talbot wins face-off versus Andrei Kostitsyn in Avalanche zone.
3:40 of 1st period - Snap shot by Maxim Talbot.
3:40 of 1st period - Shot Blocked by Jack Johnson.
3:44 of 1st period - Snap shot by Trevor Daley.
3:44 of 1st period - Stopped by Semyon Varlamov without a rebound.
3:45 of 1st period - Bryan Little wins face-off versus David Legwand in Avalanche zone.
3:53 of 1st period - Penalty to Paul Gaustad is over, Paul Gaustad is back on ice.
4:17 of 1st period - Andrew Ladd is hit by Ryan Ellis and loses puck.
4:38 of 1st period - Icing by Paul Stastny.
4:39 of 1st period - Andrei Kostitsyn wins face-off versus Mike Fisher in Avalanche zone.
4:41 of 1st period - Icing by Erik Karlsson.
4:42 of 1st period - Paul Stastny wins face-off versus Maxim Talbot in Avalanche zone.
4:53 of 1st period - Wrist shot by R.J. Umberger.
4:53 of 1st period - Stopped by Semyon Varlamov without a rebound.
4:54 of 1st period - Paul Stastny wins face-off versus David Legwand in Avalanche zone.
5:03 of 1st period - Jay Bouwmeester is hit by Andrei Kostitsyn and loses puck.
5:20 of 1st period - Danny Richmond is hit by Ryan Ellis and loses puck.
5:47 of 1st period - R.J. Umberger is hit by Charlie Coyle and loses puck.
6:51 of 1st period - Icing by Fedor Tyutin.
6:52 of 1st period - Charlie Coyle wins face-off versus Maxim Talbot in Nordiques zone.
6:55 of 1st period - Wrist shot by Damien Brunner.
6:55 of 1st period - Shot Misses the Net.
6:57 of 1st period - Snap shot by Andrei Kostitsyn.
6:57 of 1st period - Stopped by Jonathan Quick with a rebound.
7:01 of 1st period - Snap shot by Alexander Radulov.
7:01 of 1st period - Shot Misses the Net.
7:03 of 1st period - Slapshot by Paul Stastny.
7:03 of 1st period - Stopped by Jonathan Quick with a rebound.
7:05 of 1st period - Wrist shot by Alexander Radulov.
7:05 of 1st period - Stopped by Jonathan Quick without a rebound.
7:06 of 1st period - Andrei Kostitsyn wins face-off versus David Legwand in Nordiques zone.
7:09 of 1st period - Wrist shot by Andrei Kostitsyn.
7:09 of 1st period - Shot Misses the Net.
8:42 of 1st period - Alexander Radulov is hit by Mike Brown and loses puck.
9:05 of 1st period - Snap shot by Patric Hornqvist.
9:05 of 1st period - Stopped by Jonathan Quick with a rebound.
9:07 of 1st period - Snap shot by Bryan Little.
9:07 of 1st period - Shot Misses the Net.
9:15 of 1st period - Minor Penalty to Mattias Ekholm for Interference.
9:16 of 1st period - Vladimir Tarasenko wins face-off versus Charlie Coyle in Avalanche zone.
9:17 of 1st period - Slapshot by David Legwand.
9:17 of 1st period - Shot Misses the Net.
9:19 of 1st period - Snap shot by David Legwand.
9:19 of 1st period - Shot Blocked by Dmitry Kulikov.
9:21 of 1st period - Slapshot by Ryan Ellis.
9:21 of 1st period - Shot Misses the Net.
9:23 of 1st period - Snap shot by Vladimir Tarasenko.
9:23 of 1st period - Shot Misses the Net.
9:29 of 1st period - Wrist shot by Vladimir Tarasenko.
9:29 of 1st period - Shot Blocked by Dmitry Kulikov.
10:37 of 1st period - Icing by Maxim Talbot.
10:38 of 1st period - Maxim Talbot wins face-off versus Kyle Turris in Nordiques zone.
11:15 of 1st period - Penalty to Mattias Ekholm is over, Mattias Ekholm is back on ice.
12:07 of 1st period - Evander Kane is hit by Kyle Turris.
12:21 of 1st period - Snap shot by Dmitry Kulikov.
12:21 of 1st period - Shot Blocked by T.J. Fast.
12:50 of 1st period - Trevor Daley is hit by Damien Brunner and loses puck.
12:58 of 1st period - Icing by Mike Brown.
12:59 of 1st period - Paul Stastny wins face-off versus Zac Rinaldo in Nordiques zone.
13:28 of 1st period - Snap shot by Maxim Talbot.
13:28 of 1st period - Stopped by Semyon Varlamov without a rebound.
13:29 of 1st period - Maxim Talbot wins face-off versus Bryan Little in Avalanche zone.
13:31 of 1st period - Minor Penalty to Patric Hornqvist for Holding.
13:32 of 1st period - David Legwand wins face-off versus Charlie Coyle in Avalanche zone.
14:24 of 1st period - Andrew Ladd is hit by Vladimir Tarasenko.
15:31 of 1st period - Penalty to Patric Hornqvist is over, Patric Hornqvist is back on ice.
15:54 of 1st period - Vladimir Tarasenko is hit by Bryan Little and loses puck.
16:17 of 1st period - Slapshot by Alexander Radulov.
16:17 of 1st period - Shot Blocked by T.J. Fast.
16:21 of 1st period - Snap shot by Kyle Turris.
16:21 of 1st period - Shot Misses the Net.
17:22 of 1st period - Adam Pineault is hit by Marc Staal and loses puck.
18:32 of 1st period - Snap shot by Paul Stastny.
18:32 of 1st period - Stopped by Jonathan Quick with a rebound.
18:34 of 1st period - Slapshot by Danny Richmond.
18:34 of 1st period - Shot Blocked by Ryan Ellis.
19:00 of 1st period - Mike Fisher is hit by Damien Brunner and loses puck.
19:20 of 1st period - Dustin Byfuglien is hit by Marc Staal and loses puck.
19:54 of 1st period - Minor Penalty to Mike Brown for Interference.
19:55 of 1st period - Paul Gaustad wins face-off versus Mikkel Boedker in Nordiques zone.
Goals for this period are 0 for Nordiques vs 0 for Avalanche.
Shots for this period are 4 for Nordiques vs 8 for Avalanche.
2nd period
0:01 of 2nd period - Paul Gaustad wins face-off versus Bryan Little in neutral zone.
0:33 of 2nd period - Wrist shot by Bryan Little.
0:33 of 2nd period - Stopped by Jonathan Quick without a rebound.
0:34 of 2nd period - David Legwand wins face-off versus Paul Stastny in Nordiques zone.
1:54 of 2nd period - Penalty to Mike Brown is over, Mike Brown is back on ice.
2:06 of 2nd period - David Legwand is hit by Dmitry Kulikov and loses puck.
2:25 of 2nd period - Slapshot by Mike Brown.
2:25 of 2nd period - Goal by Mike Brown - Nordiques : 1 - Avalanche : 0.
2:26 of 2nd period - David Legwand wins face-off versus Andrei Kostitsyn in neutral zone.
2:41 of 2nd period - Wrist shot by Andrei Kostitsyn.
2:41 of 2nd period - Shot Misses the Net.
3:28 of 2nd period - Off-side.
3:29 of 2nd period - David Legwand wins face-off versus Bryan Little in neutral zone.
3:44 of 2nd period - Wrist shot by Patric Hornqvist.
3:44 of 2nd period - Deflect By Mikkel Boedker.
3:44 of 2nd period - Stopped by Jonathan Quick without a rebound.
3:45 of 2nd period - Maxim Talbot wins face-off versus Damien Brunner in Nordiques zone.
3:45 of 2nd period - Maxim Talbot is hit by Damien Brunner.
3:51 of 2nd period - Mattias Ekholm is hit by R.J. Umberger and loses puck.
3:56 of 2nd period - Slapshot by Ryan Ellis.
3:56 of 2nd period - Shot Misses the Net.
3:58 of 2nd period - Slapshot by Ryan Ellis.
3:58 of 2nd period - Stopped by Semyon Varlamov without a rebound.
3:59 of 2nd period - David Legwand wins face-off versus Bryan Little in Avalanche zone.
4:02 of 2nd period - Snap shot by Evander Kane.
4:02 of 2nd period - Shot Blocked by Erik Karlsson.
4:16 of 2nd period - Wrist shot by Mikkel Boedker.
4:16 of 2nd period - Stopped by Jonathan Quick with a rebound.
4:53 of 2nd period - Slapshot by Damien Brunner.
4:53 of 2nd period - Stopped by Jonathan Quick with a rebound.
5:17 of 2nd period - Snap shot by Kyle Turris.
5:17 of 2nd period - Deflect By Matt Moulson.
5:17 of 2nd period - Stopped by Jonathan Quick with a rebound.
5:19 of 2nd period - Slapshot by Erik Karlsson.
5:19 of 2nd period - Shot Misses the Net.
6:22 of 2nd period - Wrist shot by Andrew Ladd.
6:22 of 2nd period - Stopped by Jonathan Quick with a rebound.
6:33 of 2nd period - Jay Bouwmeester is hit by Darren Reid and loses puck.
6:38 of 2nd period - Wrist shot by Maxim Talbot.
6:38 of 2nd period - Stopped by Semyon Varlamov without a rebound.
6:39 of 2nd period - Maxim Talbot wins face-off versus Bryan Little in Avalanche zone.
6:40 of 2nd period - Snap shot by R.J. Umberger.
6:40 of 2nd period - Stopped by Semyon Varlamov without a rebound.
6:41 of 2nd period - Bryan Little wins face-off versus David Legwand in Avalanche zone.
6:43 of 2nd period - Minor Penalty to Dmitry Kulikov for Roughing.
6:44 of 2nd period - David Legwand wins face-off versus Andrew Ladd in Avalanche zone.
7:10 of 2nd period - Mattias Ekholm is hit by Maxim Talbot and loses puck.
7:17 of 2nd period - Wrist shot by R.J. Umberger.
7:17 of 2nd period - Shot Misses the Net.
7:19 of 2nd period - Slapshot by Fedor Tyutin.
7:19 of 2nd period - Shot Blocked by Marc Staal.
8:43 of 2nd period - Penalty to Dmitry Kulikov is over, Dmitry Kulikov is back on ice.
8:53 of 2nd period - Bryan Little is hit by Mike Brown and loses puck.
9:58 of 2nd period - Off-side.
9:59 of 2nd period - Paul Gaustad wins face-off versus Mikkel Boedker in neutral zone.
10:18 of 2nd period - Dustin Byfuglien is hit by Paul Stastny and loses puck.
10:23 of 2nd period - Snap shot by Alexander Radulov.
10:23 of 2nd period - Stopped by Jonathan Quick without a rebound.
10:24 of 2nd period - David Legwand wins face-off versus Paul Stastny in Nordiques zone.
10:26 of 2nd period - Minor Penalty to Evander Kane for Cross-checking.
10:27 of 2nd period - Bryan Little wins face-off versus Paul Gaustad in Nordiques zone.
10:43 of 2nd period - Snap shot by Bryan Little.
10:43 of 2nd period - Stopped by Jonathan Quick without a rebound.
10:44 of 2nd period - Bryan Little wins face-off versus Paul Gaustad in Nordiques zone.
10:51 of 2nd period - Wrist shot by Patric Hornqvist.
10:51 of 2nd period - Goal by Patric Hornqvist - Nordiques : 1 - Avalanche : 1.
10:52 of 2nd period - David Legwand wins face-off versus Paul Stastny in neutral zone.
10:55 of 2nd period - Slapshot by Jay Bouwmeester.
10:55 of 2nd period - Stopped by Semyon Varlamov without a rebound.
10:56 of 2nd period - David Legwand wins face-off versus Paul Stastny in Avalanche zone.
11:08 of 2nd period - Snap shot by Andrei Kostitsyn.
11:08 of 2nd period - Stopped by Jonathan Quick without a rebound.
11:09 of 2nd period - Vladimir Tarasenko wins face-off versus Bryan Little in Nordiques zone.
11:09 of 2nd period - Vladimir Tarasenko is hit by Patric Hornqvist.
11:17 of 2nd period - Wrist shot by Evander Kane.
11:17 of 2nd period - Stopped by Semyon Varlamov without a rebound.
11:18 of 2nd period - Bryan Little wins face-off versus David Legwand in Avalanche zone.
11:23 of 2nd period - Ryan Ellis is hit by Bryan Little and loses puck.
11:34 of 2nd period - Slapshot by Ryan Ellis.
11:34 of 2nd period - Deflect By Evander Kane.
11:34 of 2nd period - Stopped by Semyon Varlamov with a rebound.
11:36 of 2nd period - Snap shot by Evander Kane.
11:36 of 2nd period - Shot Blocked by Mikkel Boedker.
11:42 of 2nd period - Wrist shot by Evander Kane.
11:42 of 2nd period - Stopped by Semyon Varlamov without a rebound.
11:43 of 2nd period - Paul Stastny wins face-off versus Maxim Talbot in Avalanche zone.
11:48 of 2nd period - Maxim Talbot is hit by Andrei Kostitsyn and loses puck.
12:16 of 2nd period - Slapshot by Jack Johnson.
12:16 of 2nd period - Shot Blocked by Trevor Daley.
12:18 of 2nd period - Snap shot by Erik Karlsson.
12:18 of 2nd period - Stopped by Jonathan Quick with a rebound.
12:42 of 2nd period - Slapshot by Darren Reid.
12:42 of 2nd period - Shot Blocked by Vladimir Tarasenko.
13:02 of 2nd period - Mattias Ekholm is hit by Ryan Ellis and loses puck.
13:06 of 2nd period - Icing by Mattias Ekholm.
13:07 of 2nd period - Maxim Talbot wins face-off versus Bryan Little in Avalanche zone.
13:15 of 2nd period - Minor Penalty to Mattias Ekholm for Interference.
13:16 of 2nd period - Charlie Coyle wins face-off versus David Legwand in Avalanche zone.
13:28 of 2nd period - Slapshot by Jay Bouwmeester.
13:28 of 2nd period - Shot Blocked by Dmitry Kulikov.
13:32 of 2nd period - Wrist shot by Evander Kane.
13:32 of 2nd period - Stopped by Semyon Varlamov with a rebound.
13:47 of 2nd period - Slapshot by Ryan Ellis.
13:47 of 2nd period - Stopped by Semyon Varlamov without a rebound.
13:48 of 2nd period - Kyle Turris wins face-off versus David Legwand in Avalanche zone.
14:03 of 2nd period - Snap shot by Evander Kane.
14:03 of 2nd period - Stopped by Semyon Varlamov without a rebound.
14:04 of 2nd period - David Legwand wins face-off versus Andrew Ladd in Avalanche zone.
14:11 of 2nd period - Slapshot by Ryan Ellis.
14:11 of 2nd period - Shot Misses the Net.
14:13 of 2nd period - Slapshot by Jay Bouwmeester.
14:13 of 2nd period - Deflect By David Legwand.
14:13 of 2nd period - Stopped by Semyon Varlamov without a rebound.
14:14 of 2nd period - David Legwand wins face-off versus Charlie Coyle in Avalanche zone.
14:44 of 2nd period - Wrist shot by Andrew Ladd.
14:44 of 2nd period - Shot Misses the Net.
14:51 of 2nd period - Off-side.
14:52 of 2nd period - Maxim Talbot wins face-off versus Kyle Turris in neutral zone.
15:15 of 2nd period - Penalty to Mattias Ekholm is over, Mattias Ekholm is back on ice.
15:29 of 2nd period - Slapshot by Jack Johnson.
15:29 of 2nd period - Shot Misses the Net.
16:23 of 2nd period - Snap shot by Jay Bouwmeester.
16:23 of 2nd period - Deflect By Charlie Coyle.
16:23 of 2nd period - Stopped by Semyon Varlamov with a rebound.
16:41 of 2nd period - Wrist shot by Maxim Talbot.
16:41 of 2nd period - Shot Misses the Net.
17:01 of 2nd period - Snap shot by Mike Brown.
17:01 of 2nd period - Shot Hit the Post.
17:03 of 2nd period - Snap shot by T.J. Fast.
17:03 of 2nd period - Stopped by Semyon Varlamov with a rebound.
17:27 of 2nd period - Snap shot by Andrew Ladd.
17:27 of 2nd period - Shot Misses the Net.
17:29 of 2nd period - Wrist shot by Damien Brunner.
17:29 of 2nd period - Shot Blocked by David Legwand.
17:33 of 2nd period - Slapshot by Andrew Ladd.
17:33 of 2nd period - Deflect By Evander Kane.
17:33 of 2nd period - Shot Misses the Net.
17:33 of 2nd period - Puck is out of play.
17:34 of 2nd period - Paul Stastny wins face-off versus Mike Fisher in Nordiques zone.
17:43 of 2nd period - Wrist shot by Alexander Radulov.
17:43 of 2nd period - Shot Misses the Net.
17:47 of 2nd period - Snap shot by Andrei Kostitsyn.
17:47 of 2nd period - Deflect By Ryan Ellis.
17:47 of 2nd period - Shot Misses the Net.
17:47 of 2nd period - Puck is out of play.
17:48 of 2nd period - Bryan Little wins face-off versus Maxim Talbot in Nordiques zone.
17:53 of 2nd period - Wrist shot by Bryan Little.
17:53 of 2nd period - Stopped by Jonathan Quick without a rebound.
17:54 of 2nd period - Maxim Talbot wins face-off versus Patric Hornqvist in Nordiques zone.
17:54 of 2nd period - Maxim Talbot is hit by Erik Karlsson.
17:57 of 2nd period - Icing by Jay Bouwmeester.
17:58 of 2nd period - Bryan Little wins face-off versus Maxim Talbot in Nordiques zone.
18:01 of 2nd period - Snap shot by Mikkel Boedker.
18:01 of 2nd period - Shot Misses the Net.
18:03 of 2nd period - Slapshot by Jack Johnson.
18:03 of 2nd period - Shot Blocked by Jiri Hudler.
18:05 of 2nd period - Snap shot by Bryan Little.
18:05 of 2nd period - Shot Misses the Net.
18:11 of 2nd period - Wrist shot by Bryan Little.
18:11 of 2nd period - Goal by Bryan Little - Nordiques : 1 - Avalanche : 2.
18:12 of 2nd period - David Legwand wins face-off versus Paul Stastny in neutral zone.
18:19 of 2nd period - Wrist shot by Evander Kane.
18:19 of 2nd period - Stopped by Semyon Varlamov with a rebound.
18:35 of 2nd period - Jay Bouwmeester is hit by Andrei Kostitsyn and loses puck.
19:02 of 2nd period - Wrist shot by Alexander Radulov.
19:02 of 2nd period - Shot Blocked by Ryan Ellis.
19:04 of 2nd period - Wrist shot by Paul Stastny.
19:04 of 2nd period - Deflect By Alexander Radulov.
19:04 of 2nd period - Deflect By Evander Kane.
19:04 of 2nd period - Stopped by Jonathan Quick with a rebound.
19:06 of 2nd period - Wrist shot by Jack Johnson.
19:06 of 2nd period - Stopped by Jonathan Quick without a rebound.
19:07 of 2nd period - Maxim Talbot wins face-off versus Bryan Little in Nordiques zone.
Goals for this period are 1 for Nordiques vs 2 for Avalanche.
Shots for this period are 15 for Nordiques vs 15 for Avalanche.
3rd period
0:01 of 3rd period - David Legwand wins face-off versus Bryan Little in neutral zone.
0:06 of 3rd period - Snap shot by Evander Kane.
0:06 of 3rd period - Shot Blocked by Jack Johnson.
0:08 of 3rd period - Snap shot by David Legwand.
0:08 of 3rd period - Shot Misses the Net.
0:10 of 3rd period - Backhand shot by David Legwand.
0:10 of 3rd period - Shot Misses the Net.
0:12 of 3rd period - Slapshot by Ryan Ellis.
0:12 of 3rd period - Goal by Ryan Ellis - Nordiques : 2 - Avalanche : 2.
0:13 of 3rd period - David Legwand wins face-off versus Andrei Kostitsyn in neutral zone.
0:40 of 3rd period - Mikkel Boedker is hit by R.J. Umberger and loses puck.
0:45 of 3rd period - Wrist shot by R.J. Umberger.
0:45 of 3rd period - Stopped by Semyon Varlamov without a rebound.
0:46 of 3rd period - Maxim Talbot wins face-off versus Bryan Little in Avalanche zone.
0:49 of 3rd period - Snap shot by Maxim Talbot.
0:49 of 3rd period - Stopped by Semyon Varlamov without a rebound.
0:50 of 3rd period - Bryan Little wins face-off versus David Legwand in Avalanche zone.
0:50 of 3rd period - Bryan Little is hit by Evander Kane.
0:56 of 3rd period - Vladimir Tarasenko is hit by Mikkel Boedker and loses puck.
1:05 of 3rd period - Snap shot by Evander Kane.
1:05 of 3rd period - Shot Misses the Net.
1:07 of 3rd period - Snap shot by David Legwand.
1:07 of 3rd period - Stopped by Semyon Varlamov without a rebound.
1:08 of 3rd period - Paul Stastny wins face-off versus Maxim Talbot in Avalanche zone.
1:08 of 3rd period - Paul Stastny is hit by Jay Bouwmeester.
1:11 of 3rd period - Minor Penalty to Alexander Radulov for Hooking.
1:12 of 3rd period - David Legwand wins face-off versus Charlie Coyle in Avalanche zone.
1:20 of 3rd period - Wrist shot by Vladimir Tarasenko.
1:20 of 3rd period - Stopped by Semyon Varlamov without a rebound.
1:21 of 3rd period - David Legwand wins face-off versus Andrew Ladd in Avalanche zone.
1:24 of 3rd period - Snap shot by Evander Kane.
1:24 of 3rd period - Stopped by Semyon Varlamov with a rebound.
1:26 of 3rd period - Slapshot by Evander Kane.
1:26 of 3rd period - Shot Misses the Net.
1:28 of 3rd period - Wrist shot by Evander Kane.
1:28 of 3rd period - Stopped by Semyon Varlamov with a rebound.
1:30 of 3rd period - Snap shot by Evander Kane.
1:30 of 3rd period - Stopped by Semyon Varlamov without a rebound.
1:31 of 3rd period - Charlie Coyle wins face-off versus David Legwand in Avalanche zone.
1:31 of 3rd period - Charlie Coyle is hit by Ryan Ellis.
1:37 of 3rd period - Slapshot by Marc Staal.
1:37 of 3rd period - Shot Blocked by Evander Kane.
1:57 of 3rd period - Andrew Ladd is hit by Ryan Ellis and loses puck.
2:22 of 3rd period - Jack Johnson is hit by Evander Kane and loses puck.
3:11 of 3rd period - Penalty to Alexander Radulov is over, Alexander Radulov is back on ice.
5:30 of 3rd period - Wrist shot by Mike Brown.
5:30 of 3rd period - Stopped by Semyon Varlamov without a rebound.
5:31 of 3rd period - Paul Stastny wins face-off versus Mike Fisher in Avalanche zone.
6:28 of 3rd period - Wrist shot by Jiri Hudler.
6:28 of 3rd period - Goal by Jiri Hudler - Nordiques : 3 - Avalanche : 2.
6:29 of 3rd period - Paul Stastny wins face-off versus David Legwand in neutral zone.
6:36 of 3rd period - Off-side.
6:37 of 3rd period - Paul Stastny wins face-off versus David Legwand in neutral zone.
6:40 of 3rd period - Snap shot by Marc Staal.
6:40 of 3rd period - Shot Misses the Net.
6:42 of 3rd period - Slapshot by Dmitry Kulikov.
6:42 of 3rd period - Stopped by Jonathan Quick with a rebound.
6:44 of 3rd period - Snap shot by Paul Stastny.
6:44 of 3rd period - Shot Misses the Net.
6:48 of 3rd period - Snap shot by Andrei Kostitsyn.
6:48 of 3rd period - Stopped by Jonathan Quick with a rebound.
6:50 of 3rd period - Slapshot by Andrei Kostitsyn.
6:50 of 3rd period - Shot Misses the Net.
6:52 of 3rd period - Snap shot by Paul Stastny.
6:52 of 3rd period - Stopped by Jonathan Quick with a rebound.
6:54 of 3rd period - Slapshot by Alexander Radulov.
6:54 of 3rd period - Deflect By Andrei Kostitsyn.
6:54 of 3rd period - Stopped by Jonathan Quick without a rebound.
6:55 of 3rd period - Bryan Little wins face-off versus Maxim Talbot in Nordiques zone.
7:40 of 3rd period - Icing by Alexander Radulov.
7:41 of 3rd period - Paul Stastny wins face-off versus David Legwand in Avalanche zone.
7:52 of 3rd period - Off-side.
7:53 of 3rd period - Bryan Little wins face-off versus David Legwand in neutral zone.
8:04 of 3rd period - Snap shot by Vladimir Tarasenko.
8:04 of 3rd period - Shot Misses the Net.
8:10 of 3rd period - Snap shot by Vladimir Tarasenko.
8:10 of 3rd period - Stopped by Semyon Varlamov with a rebound.
9:15 of 3rd period - Double Minor Penalty to Mattias Ekholm for Roughing.
9:16 of 3rd period - Charlie Coyle wins face-off versus David Legwand in Avalanche zone.
9:51 of 3rd period - Dmitry Kulikov is hit by Ryan Ellis and loses puck.
10:14 of 3rd period - Darren Reid is hit by Vladimir Tarasenko and loses puck.
10:37 of 3rd period - Jack Johnson is hit by Fedor Tyutin and loses puck.
11:06 of 3rd period - Marc Staal is hit by Ryan Ellis and loses puck.
11:21 of 3rd period - Jiri Hudler is hit by Kyle Turris and loses puck.
13:15 of 3rd period - Penalty to Mattias Ekholm is over, Mattias Ekholm is back on ice.
13:28 of 3rd period - Fedor Tyutin is hit by Mikkel Boedker and loses puck.
13:51 of 3rd period - Darren Reid is hit by Jay Bouwmeester and loses puck.
13:58 of 3rd period - Adam Pineault is hit by Kyle Turris and loses puck.
14:50 of 3rd period - Dmitry Kulikov is hit by Mike Brown and loses puck.
16:31 of 3rd period - Jay Bouwmeester is hit by Kyle Turris and loses puck.
17:39 of 3rd period - Dmitry Kulikov is hit by Trevor Daley and loses puck.
18:11 of 3rd period - Wrist shot by Paul Stastny.
18:11 of 3rd period - Stopped by Jonathan Quick with a rebound.
18:13 of 3rd period - Snap shot by Dmitry Kulikov.
18:13 of 3rd period - Stopped by Jonathan Quick without a rebound.
18:14 of 3rd period - Paul Stastny wins face-off versus Maxim Talbot in Nordiques zone.
18:19 of 3rd period - Snap shot by Alexander Radulov.
18:19 of 3rd period - Stopped by Jonathan Quick without a rebound.
18:20 of 3rd period - Mike Fisher wins face-off versus Charlie Coyle in Nordiques zone.
18:37 of 3rd period - Zac Rinaldo is hit by Andrew Ladd and loses puck.
19:08 of 3rd period - Avalanche, Semyon Varlamov is pulled from the net.
19:40 of 3rd period - Slapshot by Vladimir Tarasenko.
19:40 of 3rd period - Goal by Vladimir Tarasenko - Nordiques : 4 - Avalanche : 2.
19:40 of 3rd period - Semyon Varlamov from Avalanche was sent back in the game.
19:41 of 3rd period - Mike Brown wins face-off versus Charlie Coyle in neutral zone.
Goals for this period are 3 for Nordiques vs 0 for Avalanche.
Shots for this period are 12 for Nordiques vs 7 for Avalanche.
Back to the Top